 Dungeon Crawl Stone Soup version 0.31-a0-971-g75a2e9a4b4 (webtiles) character file.

Game seed: 47483886416935449

331 Maxmaps the Changeling (level 6, 0/38 HPs)
             Began as an Octopode Shapeshifter on Oct 28, 2023.
             Killed by divine providence
             ... invoked by an orc priest
              (16 damage)
             ... on level 4 of the Dungeon.
             The game lasted 00:01:58 (1887 turns).

Maxmaps the Changeling (Octopode Shapeshifter)      Turns: 1887, Time: 00:01:59

Health: 0/38       AC:  1    Str: 14    XL:     6   Next: 51%
Magic:  6/6        EV: 13    Int: 14    God:
Gold:   174        SH:  0    Dex: 11    Spells: 5/5 levels left

rFire   . .          .
                       - Unarmed
rCold   . . .        (no shield)
rNeg    + . .        (helmet currently unavailable)
rPois   .            (no amulet)
rElec   .            e - +4 ring of slaying
rCorr   .            h - ring of positive energy
SInv    .            (no ring)
Will    .....        (no ring)
Stlth   ++           (no ring)
HPRegen 0.26/turn    (no ring)
MPRegen 0.10/turn    (no ring)
                     (no ring)

%: no passive effects
@: beast-form
A: beast (slay +3), almost no armour, amphibious, 8 rings, camouflage 1,
gelatinous body 1, (nimble swimmer 1), tentacles
a: Begin Untransformation


You were on level 4 of the Dungeon.
You were a hulking beast.
You visited 1 branch of the dungeon, and saw 4 of its levels.

You collected 174 gold pieces.

Inventory:

Jewellery
 a - a ring of ice
 e - a +4 ring of slaying (left tentacle)
 h - a ring of positive energy (right tentacle)
Talismans
 b - a beast talisman
 c - a flux talisman
Scrolls
 f - 2 scrolls of vulnerability {unknown}
 g - a scroll of teleportation {unknown}
 i - a scroll of noise {unknown}
 j - 2 scrolls of identify {unknown}
 k - a scroll of fog {unknown}
 o - a scroll of enchant armour {unknown}
 p - a scroll of poison {unknown}
Potions
 d - 2 potions of attraction {unknown}
 l - a potion of brilliance {unknown}
 m - 3 potions of heal wounds {unknown}
 n - a potion of resistance {unknown}
 q - a potion of haste {unknown}


   Skills:
 - Level 1.0 Fighting
 - Level 2.0 Dodging
 - Level 3.0 Unarmed Combat
 + Level 6.6 Shapeshifting


You had 5 spell levels left.
You didn't know any spells.
Your spell library contained the following spells:

 Spells                   Type           Power      Damage    Failure   Level
 Magic Dart               Conj           0%         1d3       28%         1
 Call Imp                 Summ           0%         N/A       41%         2
 Mephitic Cloud           Conj/Pois/Air  0%         N/A       65%         3


Dungeon Overview and Level Annotations

Branches:
Dungeon (3/15)

Altars:
The Shining One


Innate Abilities, Weirdness & Mutations

You are a hulking beast.
Your limbs bulge with bestial killing power. (Slay +3)
You cannot wear most types of armour.
You are amphibious.
You can wear up to eight rings at the same time.
Your skin changes colour to match your surroundings (Stealth+).
Your rubbery body absorbs attacks. (AC +1, EV +1)
((You are camouflaged when in or above water. (Stealth+)))
You have tentacles for arms and can constrict up to eight enemies at once.


Message History

You miss the adder. Your grab misses the adder.
You squeeze the adder, but do no damage.
The adder closely misses you.
You completely miss the adder. You grab the adder. You constrict the adder.
The adder bites you.
You are poisoned.
The adder poisons you! The adder barely misses you.
You bludgeon the adder!
You kill the adder!
You feel sick.
No target in view!
No target in view!
No target in view!
No target in view!
No target in view!
No target in view!
Unknown command.
You start resting.
You feel sick. x4
You are no longer poisoned.
HP restored. 2 orcs come into view.
There are monsters nearby! 2 orcs come into view.
The orc shouts! x3
There are monsters nearby!
An orc priest comes into view. It is wielding a +0 whip.
The orc hits you from afar with a +0 trident!
There are monsters nearby!
The orc priest shouts!
The orc hits you with a +0 trident! The orc barely misses you.
The orc hits you with a +0 mace.
There is an open door here.
The orc hits you from afar with a +0 trident.
The orc attacks as it pursues you! The orc completely misses you.
Okay, then.
Unknown command.
The orc attacks as it pursues you! The orc hits you with a +0 mace.
The orc priest invokes the aid of Beogh against you.
Beogh smites you!
You die...

#.# #.......# #.#
#.......# #.#
#.....).# #.#
#.#...### #.# #.
#.#...# ####### #.#
#. #.....# .......
#.# #.
#...##....... #.#
#.####...oo.......
#.#
##..ho.oo###.......
#.# .......####.#
....... #<#
######.####.#
.......
##.#######.......#
.......
#...†....#..###..#
.......
########.#..# #..#
######. #.#..# ...#
#....###### #†...+


You could see an orc priest and 4 orcs.

Vanquished Creatures
  Sigmund (D:2)
  A hound (D:2)
  A jelly (D:4)
  An iguana (D:4)
  2 adders
  2 worms
  2 dart slugs
  5 ball pythons
  3 endoplasms
  3 giant cockroaches
  5 hobgoblins
  6 jackals (D:1)
  4 bats
  3 goblins
  6 kobolds
  4 rats
49 creatures vanquished.

Notes
Turn   | Place    | Note
-------+----------+-------------------------------------------
     0 | D:1      | Maxmaps the Octopode Shapeshifter began the quest for the
                  | Orb.
     0 | D:1      | Reached XP level 1. HP: 13/13 MP: 1/1
   143 | D:1      | Reached XP level 2. HP: 14/18 MP: 2/2
   415 | D:1      | Found a faded altar of an unknown god.
   587 | D:1      | Reached XP level 3. HP: 23/23 MP: 3/3
   596 | D:1      | Reached skill level 4 in Shapeshifting
  1026 | D:2      | Reached XP level 4. HP: 25/28 MP: 4/4
  1100 | D:2      | Noticed Sigmund
  1118 | D:2      | Killed Sigmund
  1119 | D:2      | Reached skill level 6 in Shapeshifting
  1119 | D:2      | Reached XP level 5. HP: 32/33 MP: 1/5
  1119 | D:2      | Reached XP level 6. HP: 37/38 MP: 1/6
  1359 | D:3      | You fall into a shaft and drop 1 floor!
  1388 | D:4      | Found a glowing golden altar of the Shining One.
  1887 | D:4      | Killed from afar by an orc priest

Illustrated notes

Levels and vault maps discovered:
D:1:      dpeg_arrival_stonehenge_8_columns, layout_basic,
          ebering_ecumenical_altar_hall
D:2:      layout_rooms, uniq_sigmund
D:3:      layout_loops_ring, grunt_decor_mini_mirrors, uniq_natasha
D:4:      layout_basic, mainiacjoe_overflow_six_doors_small

Skill      XL: |  1  2  3  4 |
---------------+-------------+-----
Shapeshifting  | 4 6 |  6.6
Fighting       | |  1.0
Dodging        | |  2.0
Unarmed Combat | |  3.0

Action                     |  1- 3 |  4- 6 || total
---------------------------+-------+-------++-------
  Melee: Unarmed           |    51 |    33 ||    84
         Tentacles         |     8 |     2 ||    10
         Constrict         |    12 |     5 ||    17
         Punch             |     1 |       ||     1
    Use: Potion            |       |     1 ||     1
   Stab: Sleeping          |     4 |     2 ||     6
 Armour: Skin              |    21 |    30 ||    51
  Dodge: Dodged            |    32 |    24 ||    56

Table legend: (Time is in decaauts)
 A = Elapsed time spent in this place.
 B = Non-inter-level travel time spent in this place.
 C = Inter-level travel time spent in this place.
 D = Time resting spent in this place.
 E = Time spent auto-exploring this place.
 F = Levels seen in this place.
 G = Mean time per level.
                   A        B        C        D        E       F      G
               +--------+--------+--------+--------+--------+-----+--------+
         Total |   1880 |   1829 |     51 |     72 |   1480 |   4 |  470.0 |
       Dungeon |   1880 |   1829 |     51 |     72 |   1480 |   4 |  470.0 |
               +--------+--------+--------+--------+--------+-----+--------+

Top non-repeatable levels by time:
     D:1: 776 daAuts
     D:2: 535 daAuts
     D:4: 527 daAuts
     D:3: 40 daAuts
